 Dungeon Crawl Stone Soup version 0.31-a0-219-g8d62b2e7bb (webtiles) character file.

Game seed: 6144756452114988489

331 qw the Shooter (level 6, 0/37 HPs)
             Began as a Gargoyle Hexslinger on July 3, 2023.
             Slain by an iguana (9 damage)
             ... on level 5 of the Dungeon.
             The game lasted 00:01:19 (3466 turns).

qw the Shooter (Gargoyle Hexslinger)                Turns: 3466, Time: 00:01:20

Health: 0/37       AC: 12    Str: 12    XL:     6   Next: 51%
Magic:  7/7        EV: 10    Int: 13    God:
Gold:   183        SH:  0    Dex: 14    Spells: 6/7 levels left

rFire   . . .        Y - +2 sling
rCold   . . .        (no shield)
rNeg    + . .        g - +0 ring mail
rPois   inf          (no helmet)
rElec   +            d - +1 cloak
rCorr   .            b - +0 pair of gloves
SInv    .            (no boots)
Will    .....        h - amulet of regeneration
Stlth   +            (no ring)
HPRegen 1.06/turn    (no ring)
MPRegen 0.10/turn

%: no passive effects
@: no status effects
A: sickness immunity, AC +4, negative energy resistance 1, electricity
resistance, torment resistance 1, petrification resistance
a: no special abilities


You were on level 5 of the Dungeon.
You visited 1 branch of the dungeon, and saw 5 of its levels.

You collected 183 gold pieces.


Innate Abilities, Weirdness & Mutations

You are immune to sickness and miasma.
Your stone body is resilient. (AC +4)
You are immune to poison.
You resist negative energy. (rN+)
You are resistant to electric shocks. (rElec)
You are resistant to unholy torment.
You are immune to petrification.


   Skills:
 - Level 3.1 Fighting
 + Level 5.9 Ranged Weapons
 - Level 1.3 Armour
 - Level 1.5 Dodging
 - Level 1.0 Spellcasting
 - Level 2.6 Hexes


You had 6 spell levels left.
You knew the following spells:

 Your Spells              Type           Power      Damage    Failure   Level
a - Slow                  Hex            28%        N/A       21%         1

Your spell library contained the following spells:

 Spells                   Type           Power      Damage    Failure   Level
 Inner Flame              Hex/Fire       4%         N/A       71%         3
 Portal Projectile        Hex/Tloc       8%         N/A       71%         3
 Cause Fear               Hex            3%         N/A       90%         4

Inventory:

Hand Weapons
 Y - a +2 sling (weapon)
Armour
 b - a +0 pair of gloves (worn)
 d - a +1 cloak (worn)
 g - a +0 ring mail (worn)
Jewellery
 h - an amulet of regeneration (around neck)
Potions
 e - 3 potions of might
 f - 2 potions of curing

Dungeon Overview and Level Annotations

Branches:
Dungeon (5/15)
 Temple: D:4-7

Altars:
Cheibriados

Annotations:
D:2 1 runed translucent door, Crazy Yiuf
D:4 1 runed translucent door, qw's ghost, amateur GrFi


Message History

The sling bullet hits the gnoll sergeant but does no damage.
The gnoll sergeant is lightly wounded.
The gnoll sergeant hits you from afar with a +0 spear.
You shoot a sling bullet.
The sling bullet hits the gnoll sergeant but does no damage.
The gnoll sergeant is lightly wounded.
Your surroundings suddenly seem different.
An iguana, an orc and an orc wizard come into view.
The orc shouts!
The orc wizard shouts!
You shoot a sling bullet. The sling bullet hits the orc.
The orc is moderately wounded.
The orc hits you with a +0 whip.
You shoot a sling bullet. The sling bullet barely misses the orc.
The sling bullet closely misses the orc wizard.
The iguana bites you but does no damage.
The orc misses you. The iguana closely misses you.
An orc comes into view. It is wielding a +0 club.
You shoot a sling bullet. The orc shouts!
The sling bullet hits the orc wizard.
The orc wizard is moderately wounded.
An orc comes into view. It is wielding a +0 club.
The iguana bites you but does no damage.
You shoot a sling bullet.
The sling bullet closely misses the orc wizard.
The orc shouts!
The sling bullet hits the orc.
The orc is severely wounded.
The iguana barely misses you.
The orc wizard hits you but does no damage.
The orc hits you with a +0 whip.
You shoot a sling bullet.
The sling bullet completely misses the orc wizard.
The sling bullet hits the orc.
You kill the orc!
The orc wizard mumbles some strange words.
The orc wizard flickers and vanishes!
Deactivating autopickup; reactivate with Ctrl-A.
The orc barely misses you. The iguana bites you!
You die...

#...# #...#
#.).##
####....
.....o####
#.......##
..###.o{l....#
.......@.....#
.......#####.#
.......
.......
.......
.......
.......
.......


You could see an iguana and 2 orcs.

Vanquished Creatures
  An ogre (D:4)
  2 hounds
  Jessica (D:2)
  4 gnolls
  3 adders (D:4)
  4 worms
  3 orcs
  5 endoplasms (D:1)
  5 giant cockroaches
  7 goblins
  9 hobgoblins
  3 jackals (D:1)
  10 kobolds
  6 quokkas
  10 ball pythons
  6 bats
  A frilled lizard (D:1)
  2 rats
82 creatures vanquished.

Notes
Turn   | Place    | Note
-------+----------+-------------------------------------------
     0 | D:1      | qw the Gargoyle Hexslinger began the quest for the Orb.
     0 | D:1      | Reached XP level 1. HP: 12/12 MP: 2/2
     0 | D:1      | 0 ||| qw: Version: 0.3-a-40-ge99b1a8
     0 | D:1      | 0 ||| qw: Game counter: 396
     0 | D:1      | 0 ||| qw: Melee chars always use a shield: true
     0 | D:1      | 0 ||| qw: God list: Okawaru
     0 | D:1      | 0 ||| qw: Allow faded altars: false
     0 | D:1      | 0 ||| qw: Do Orc after clearing Dungeon:15 true
     0 | D:1      | 0 ||| qw: Do second Lair branch before Depths: true
     0 | D:1      | 0 ||| qw: Lair rune preference: random
     0 | D:1      | 0 ||| qw: Goals: Normal
     0 | D:1      | 0 ||| PLANNING D:1-11
    33 | D:1      | 33 ||| Stepping ~*~*~tactically~*~*~ (outnumbered).
    43 | D:1      | Reached XP level 2. HP: 16/16 MP: 3/3
    92 | D:1      | Reached skill level 3 in Ranged Weapons
   269 | D:1      | Reached XP level 3. HP: 21/21 MP: 4/4
   620 | D:1      | 620 ||| UPGRADING to amulet of the acrobat.
   625 | D:1      | 625 ||| UPGRADING to amulet of regeneration.
   635 | D:1      | 635 ||| DROPPING amulet of the acrobat.
   636 | D:1      | 636 ||| READING scroll labelled SIUB JUATUXU.
   637 | D:1      | 637 ||| READING scroll labelled XEUKHA DIZOV.
   642 | D:1      | 642 ||| DRINKING 2 brown potions.
   643 | D:1      | 643 ||| DRINKING 2 silvery potions.
   644 | D:1      | 644 ||| DROPPING scroll of poison.
   954 | D:2      | Found a snail-covered altar of Cheibriados.
  1003 | D:2      | Noticed Jessica
  1005 | D:2      | Killed Jessica
  1006 | D:2      | Reached skill level 4 in Ranged Weapons
  1006 | D:2      | Reached XP level 4. HP: 26/26 MP: 5/5
  1215 | D:2      | Found a runed translucent door.
  1216 | D:2      | Noticed Crazy Yiuf
  1537 | D:2      | 1537 ||| READING scroll labelled EXZAIS WAENABO.
  1538 | D:2      | 1538 ||| READING scroll labelled EQINNO XIKIFOL.
  1895 | D:3      | Reached XP level 5. HP: 30/30 MP: 6/6
  2477 | D:3      | 2477 ||| DRINKING 2 clear potions.
  2581 | D:3      | 2581 ||| DROPPING potion of berserk rage.
  2730 | D:4      | Reached skill level 5 in Ranged Weapons
  2820 | D:4      | Noticed an ogre
  2826 | D:4      | HP: 3/30 [ogre/+0 giant club (27)]
  2827 | D:4      | 2827 ||| READING 2 scrolls of teleportation.
  2924 | D:4      | 2924 ||| UPGRADING to +0 pair of gloves.
  2929 | D:4      | 2929 ||| Stepping ~*~*~tactically~*~*~ (water).
  2941 | D:4      | Reached skill level 3 in Fighting
  2944 | D:4      | 2944 ||| UPGRADING to +1 cloak.
  2949 | D:4      | 2949 ||| UPGRADING to +0 ring mail.
  2959 | D:4      | 2959 ||| DROPPING +0 robe.
  3114 | D:4      | 3114 ||| Stepping ~*~*~tactically~*~*~ (water).
  3128 | D:4      | Reached skill level 1 in Armour
  3138 | D:4      | Reached XP level 6. HP: 37/37 MP: 7/7
  3227 | D:4      | Found a runed translucent door.
  3230 | D:4      | Noticed qw's ghost (amateur GrFi)
  3380 | D:4      | 3380 ||| READING scroll labelled KIRAURPH BAUGOI.
  3421 | D:5      | Entered Level 5 of the Dungeon
  3445 | D:5      | 3445 ||| Stepping ~*~*~tactically~*~*~ (outnumbered).
  3449 | D:5      | 3449 ||| Stepping ~*~*~tactically~*~*~ (outnumbered).
  3457 | D:5      | HP: 7/37 [gnoll sergeant/+0 spear (4)]
  3458 | D:5      | 3458 ||| READING scroll of teleportation.
  3462 | D:5      | HP: 6/37 [orc/+0 whip (2)]
  3466 | D:5      | Slain by an iguana

Levels and vault maps discovered:
D:1:      psy_arrival_basics, layout_loops_ring, kennysheep_crisscross
D:2:      layout_loops_corners, basic_altar, uniq_crazy_yiuf_cottage,
          uniq_jessica
D:3:      layout_basic, nicolae_wormholes
D:4:      wander_river, layout_gridville, gammafunk_ghost_grave
D:5:      layout_basic, minmay_temple_entry_tees

Skill      XL: |  1  2  3  4  5 |
---------------+----------------+-----
Ranged Weapons | 3 4 5 |  5.9
Fighting       | 2 3 |  3.1
Armour         | 1 |  1.3
Dodging        | |  1.5
Spellcasting   | |  1.0
Hexes          | |  2.6

Action                     |  1- 3 |  4- 6 || total
---------------------------+-------+-------++-------
   Fire: Sling             |   100 |   221 ||   321
    Use: Scroll            |     2 |     5 ||     7
         Potion            |     2 |     1 ||     3
 Armour: Robe              |     8 |    35 ||    43
         Ring mail         |       |    21 ||    21
  Dodge: Dodged            |    18 |    85 ||   103

Table legend:
 A = Non-vault XP
 B = Vault XP
 C = Vault XP percentage of total XP
 D = Non-vault monster count
 E = Vault monster count
 F = Vault count percentage of total count
                 A         B        C        D         E       F
            +---------+---------+-------+---------+---------+-------
      Total |     419 |      57 |  12.0 |      77 |       5 |   6.1
            +---------+---------+-------+---------+---------+-------
        D:1 |      48 |       0 |   0.0 |      28 |       0 |   0.0
        D:2 |      23 |      37 |  61.7 |      13 |       1 |   7.1
        D:3 |      59 |      15 |  20.3 |      10 |       3 |  23.1
        D:4 |     272 |       0 |   0.0 |      24 |       0 |   0.0
        D:5 |      17 |       5 |  22.7 |       2 |       1 |  33.3
            +---------+---------+-------+---------+---------+-------
